AoeStats
← dix.

Arabia

510387921Analyzed
3v3 RM · 24h ago on Sep 30, 2026· 51m 8s· 6 players
Game mode
Random Map
Map size
Normal (6 player)
Population
200
Speed
Normal
Resources
Standard
Victory
Conquest
Starting age
Dark Age
Ending age
Imperial Age
RankedLock teamsTeams togetherTeam positionsShared explorationLock speedFull tech treeHidden civsTurbo modeCheats
Victory
Defeat
🇷🇺 Mongols · Russia
892
+13
🇰🇿 Spanish · Kazakhstan
819
+16
🇷🇺 Persians · Russia
744
+19
🇸🇪 Britons · Sweden
855
-45
🇸🇪 Magyars · Sweden
796
-32
🇸🇪 Teutons · Sweden
796
-32
Turambar
8:08 Loom
10:42 Feudal Age
12:11 Double-Bit Axe
13:19 Wheelbarrow
18:58 Castle Age
17:42 Horse Collar
17:57 Gold Mining
18:33 Stone Mining
20:04 Hand Cart
20:02 Scale Barding Armor
20:59 Bow Saw
26:31 Bloodlines
27:03 Heavy Plow
29:03 Town Watch
29:51 Husbandry
30:14 Chain Barding Armor
30:57 Thumb Ring
30:18 Elite Skirmisher
33:47 Imperial Age
34:20 Fletching
34:35 Padded Archer Armor
37:58 Imperial Age
37:47 Ballistics
38:12 Town Patrol
38:15 Bodkin Arrow
38:32 Thumb Ring
39:48 Two-Man Saw
39:23 Crop Rotation
40:07 Conscription
39:48 Corvinian Army
39:26 Pikeman
42:05 Bracer
42:20 Leather Archer Armor
42:03 Cavalier
42:51 Halberdier
44:16 Scale Mail Armor
44:53 Plate Barding Armor
Dellaaak
10:08 Feudal Age
11:31 Double-Bit Axe
16:26 Gold Mining
25:13 Castle Age
23:16 Horse Collar
24:45 Bloodlines
39:17 Pikeman
41:57 Squires
41:38 Man-at-Arms
50:28 Wheelbarrow
Philip
7:28 Loom
10:11 Feudal Age
22:27 Castle Age
24:32 Double-Bit Axe
26:54 Padded Archer Armor
33:06 Fletching
33:51 Leather Archer Armor
34:46 Ballistics
40:08 Bodkin Arrow
43:27 Imperial Age
dix.
3:09 Loom
9:50 Feudal Age
12:04 Double-Bit Axe
15:48 Forging
18:46 Wheelbarrow
22:19 Castle Age
20:46 Scale Barding Armor
26:39 Chain Barding Armor
33:31 Iron Casting
33:36 Hand Cart
33:36 Bow Saw
38:02 Imperial Age
38:08 Imperial Age
39:05 Plate Barding Armor
39:32 Blast Furnace
37:58 Cavalier
38:40 Husbandry
40:26 Capped Ram
41:07 Savar
45:13 Elite War Elephant
pohuito ergo sum
0:32 Loom
10:47 Feudal Age
12:54 Double-Bit Axe
13:28 Horse Collar
15:29 Fletching
18:09 Padded Archer Armor
21:09 Castle Age
20:30 Bloodlines
21:20 Crossbowman
22:05 Thumb Ring
22:29 Thumb Ring
22:21 Bodkin Arrow
23:41 Leather Archer Armor
25:10 Husbandry
26:59 Bow Saw
29:20 Ballistics
30:16 Wheelbarrow
31:34 Hand Cart
33:35 Town Watch
38:41 Imperial Age
36:48 Town Patrol
39:47 Conscription
39:39 Bracer
40:43 Chemistry
41:48 Elite Mangudai
44:46 Siege Engineers
45:11 Parthian Tactics
46:35 Murder Holes
Divine_Fury
6:03 Loom
12:03 Feudal Age
13:57 Double-Bit Axe
17:47 Castle Age
16:34 Horse Collar
22:18 Fletching
22:29 Padded Archer Armor
24:37 Wheelbarrow
30:06 Ballistics
31:53 Leather Archer Armor
31:34 Bodkin Arrow
34:42 Hand Cart
34:14 Town Watch
38:38 Imperial Age
36:30 Town Watch
40:27 Chemistry
39:23 Murder Holes
39:39 Masonry
39:42 Town Patrol
43:15 Ring Archer Armor
42:46 Bracer
43:10 Conscription
42:15 Elite Conquistador
45:37 Bow Saw
47:19 Caravan
49:33 Two-Man Saw
Connection lost

Rejoining the realm…

Still unreachable

The connection could not be restored.

Session expired

The server has moved on; the page needs a fresh start.